 Dungeon Crawl Stone Soup version 0.31-a0-263-ge8cad7f256 (webtiles) character file.

Game seed: 14552266671065326624

527 qw the Shooter (level 7, -11/44 HPs)
             Began as a Gargoyle Hexslinger on July 13, 2023.
             Mangled by an ogre
             ... wielding a +0 giant spiked club
              (17 damage)
             ... on level 4 of the Dungeon.
             The game lasted 00:01:17 (3001 turns).

qw the Shooter (Gargoyle Hexslinger)                Turns: 3001, Time: 00:01:18

Health: -11/44     AC:  9    Str: 11    XL:     7   Next: 23%
Magic:  8/8        EV: 11    Int: 14    God:
Gold:   143        SH:  0    Dex: 14    Spells: 7/8 levels left

rFire   + + .        j - +5 longbow of the Head {flame, rF++}
rCold   . . .        (shield currently unavailable)
rNeg    + . .        e - +0 leather armour
rPois   inf          (no helmet)
rElec   +            (no cloak)
rCorr   .            f - +0 pair of gloves
SInv    .            (no boots)
Will    .....        (no amulet)
Stlth   +            (no ring)
HPRegen 0.27/turn    (no ring)
MPRegen 0.11/turn

%: no passive effects
@: about to teleport
A: sickness immunity, AC +4, negative energy resistance 1, electricity
resistance, torment resistance 1, petrification resistance
a: no special abilities


You were on level 4 of the Dungeon.
You visited 2 branches of the dungeon, and saw 5 of its levels.

You collected 143 gold pieces.


Innate Abilities, Weirdness & Mutations

You are immune to sickness and miasma.
Your stone body is resilient. (AC +4)
You are immune to poison.
You resist negative energy. (rN+)
You are resistant to electric shocks. (rElec)
You are resistant to unholy torment.
You are immune to petrification.


   Skills:
 - Level 4.6 Fighting
 + Level 6.0 Ranged Weapons
 - Level 1.8 Armour
 - Level 1.5 Dodging
 - Level 1.0 Spellcasting
 - Level 2.6 Hexes


You had 7 spell levels left.
You knew the following spells:

 Your Spells              Type           Power      Damage    Failure   Level
a - Slow                  Hex            32%        N/A       12%         1

Your spell library contained the following spells:

 Spells                   Type           Power      Damage    Failure   Level
 Inner Flame              Hex/Fire       4%         N/A       52%         3
 Portal Projectile        Hex/Tloc       8%         N/A       52%         3
 Cause Fear               Hex            4%         N/A       75%         4

Inventory:

Hand Weapons
 j - the +5 longbow of the Head (weapon) {flame, rF++}
   (You acquired it on level 3 of the Dungeon)

   rF:        It greatly protects you from fire.
Armour
 e - a +0 leather armour (worn)
 f - a +0 pair of gloves (worn)
 o - a +0 ring mail
Scrolls
 b - a scroll of identify
 l - a scroll of silence {unknown}
 m - a scroll of teleportation
Potions
 a - a potion of degeneration {unknown}
 c - a potion of mutation {unknown}
 d - a potion of lignification {unknown}
 g - a potion of resistance {unknown}
 h - a potion of might
 i - a potion of curing {unknown}
 k - a potion of haste {unknown}
 n - a potion of enlightenment {unknown}

Dungeon Overview and Level Annotations

Branches:
Dungeon (4/15)             Temple (1/1) D:4

Altars:
Ashenzari
Cheibriados
Elyvilon
Fedhas
Gozag
Hepliaklqana
Kikubaaqudgha
Sif Muna
Trog
Wu Jian
Xom
Yredelemnul
Zin


Message History

The iguana bites you.
You shoot an arrow. The arrow hits the iguana!
The arrow burns the iguana.
You kill the iguana!
The orc warrior barely misses you.
You shoot an arrow. The arrow hits the orc warrior!!
The arrow burns the orc warrior.
The orc warrior is severely wounded.
The orc warrior misses you.
You shoot an arrow. The arrow hits the orc warrior!
The arrow burns the orc warrior.
You kill the orc warrior!
The ball python bites you. The ball python grabs you.
The ball python constricts you.
Your Fighting skill increases to level 4!
You have reached level 7!
You shoot an arrow. The arrow hits the ball python!
The arrow burns the ball python.
You kill the ball python!
You shoot an arrow. The arrow hits the worm!
The arrow burns the worm.
You kill the worm!
The jackal closely misses you.
You shoot an arrow. The arrow closely misses the jackal.
The arrow hits the worm!
The arrow burns the worm.
The worm is severely wounded.
The jackal bites you but does no damage. x2
You shoot an arrow. The arrow hits the jackal!
The arrow burns the jackal.
You kill the jackal!
You shoot an arrow. The arrow hits the worm!
The arrow burns the worm.
You kill the worm!
You shoot an arrow. The arrow hits the ogre!
The arrow burns the ogre.
The ogre is heavily wounded.
The ogre hits you with a +0 giant spiked club!!
Ouch! That really hurt!
3000 ||| READING 2 scrolls of teleportation.
As you read the scroll of teleportation, it crumbles to dust.
You feel strangely unstable. The ogre hits you but does no damage.
You shoot an arrow. The arrow barely misses the ogre.
The ogre hits you with a +0 giant spiked club!
You die...

............#
............#
.....########
............#######
##.#.#)#..#.'.....#
)#...#).##..#.#.#.#
.#.#.#..##..#..#..#
...#.#.#..#.#.#.#)#
##>#.#......#...@.#
#.#.###########O##
#.#.#So Oh#o...#
##%#.#..#.#h .##.#
...#.##+#.. ##.#
...# )### ..# ...#
# ### ...# ##.#


You could see an ogre.

Vanquished Creatures
  An orc warrior (D:4)
  A black bear (D:4)
  A scorpion (D:4)
  2 orc priests (D:2)
  2 iguanas (D:4)
  4 gnolls (D:3)
  3 adders
  4 worms
  5 dart slugs
  8 orcs
  6 ball pythons
  3 bats
  6 endoplasms
  5 giant cockroaches
  2 goblins
  7 hobgoblins
  3 jackals
  7 kobolds
  2 quokkas (D:3)
  10 frilled lizards
  6 rats
88 creatures vanquished.

Notes
Turn   | Place    | Note
-------+----------+-------------------------------------------
     0 | D:1      | qw the Gargoyle Hexslinger began the quest for the Orb.
     0 | D:1      | Reached XP level 1. HP: 12/12 MP: 2/2
     0 | D:1      | 0 ||| qw: Version: 0.3-a-52-g30416fa
     0 | D:1      | 0 ||| qw: Game counter: 7452
     0 | D:1      | 0 ||| qw: Melee chars always use a shield: true
     0 | D:1      | 0 ||| qw: God list: Okawaru
     0 | D:1      | 0 ||| qw: Allow faded altars: false
     0 | D:1      | 0 ||| qw: Do Orc after clearing Dungeon:15 true
     0 | D:1      | 0 ||| qw: Do second Lair branch before Depths: true
     0 | D:1      | 0 ||| qw: Lair rune preference: random
     0 | D:1      | 0 ||| qw: Goals: Normal
     0 | D:1      | 0 ||| PLANNING D:1-11
   124 | D:1      | Reached XP level 2. HP: 15/16 MP: 3/3
   245 | D:1      | Reached skill level 3 in Ranged Weapons
   725 | D:1      | Reached XP level 3. HP: 21/21 MP: 4/4
   826 | D:1      | 826 ||| UPGRADING to +0 pair of gloves.
   831 | D:1      | 831 ||| READING scroll labelled ATHRACL KENIGO.
   832 | D:1      | 832 ||| READING scroll labelled KOUXUFR MONLI.
   833 | D:1      | 833 ||| READING scroll labelled HISIRI EGUOL.
   834 | D:1      | 834 ||| DROPPING scroll of poison.
  1035 | D:2      | Reached XP level 4. HP: 26/26 MP: 5/5
  1085 | D:2      | Reached skill level 4 in Ranged Weapons
  1378 | D:2      | 1378 ||| UPGRADING to +0 leather armour.
  1388 | D:2      | 1388 ||| DROPPING +0 robe.
  1389 | D:2      | 1389 ||| READING scroll labelled VOIBIAJOUPN.
  1390 | D:2      | 1390 ||| READING scroll labelled FIS ACKAPTYN.
  1427 | D:3      | 1427 ||| STAIRDANCE
  1431 | D:2      | HP: 1/26 [orc/+0 war axe (8)]
  1540 | D:3      | 1540 ||| STAIRDANCE
  1556 | D:2      | HP: 3/26 [orc/+0 club (4)]
  1558 | D:2      | Reached XP level 5. HP: 4/30 MP: 6/6
  1815 | D:3      | Reached skill level 5 in Ranged Weapons
  2241 | D:3      | 2241 ||| Stepping ~*~*~tactically~*~*~ (outnumbered).
  2250 | D:3      | Reached skill level 3 in Fighting
  2562 | D:3      | 2562 ||| READING scroll labelled KUENTY NEOPEASY.
  2563 | D:3      | 2563 ||| READING scroll labelled GOXOLI AROA.
  2564 | D:3      | 2564 ||| READING scroll labelled WITAOP LEDIUVY.
  2564 | D:3      | Identified a scroll of acquirement
  2564 | D:3      | 2564 ||| ACQUIRING +5 longbow of the Head {flame, rF++}
  2564 | D:3      | Acquired the +5 longbow of the Head {flame, rF++}
  2566 | D:3      | 2566 ||| SWAPPING to +5 longbow of the Head {flame, rF++}.
  2567 | D:3      | 2567 ||| DROPPING +2 sling.
  2634 | D:4      | Noticed a black bear
  2641 | D:4      | Killed a black bear
  2642 | D:4      | Reached skill level 6 in Ranged Weapons
  2642 | D:4      | Reached XP level 6. HP: 29/37 MP: 7/7
  2666 | D:4      | Reached skill level 1 in Armour
  2685 | D:4      | Found a staircase to the Ecumenical Temple.
  2686 | D:4      | 2686 ||| PLANNING TEMPLE
  2686 | D:4      | 2686 ||| DRINKING 2 yellow potions.
  2695 | Temple   | Entered the Ecumenical Temple
  2841 | Temple   | 2841 ||| PLANNING D:1-11
  2963 | D:4      | Noticed an orc warrior
  2980 | D:4      | Noticed a black bear
  2993 | D:4      | Killed an orc warrior
  2994 | D:4      | Reached XP level 7. HP: 34/44 MP: 8/8
  2999 | D:4      | HP: 6/44 [ogre/+0 giant spiked club (30)]
  3000 | D:4      | 3000 ||| READING 2 scrolls of teleportation.
  3001 | D:4      | Mangled by an ogre

Levels and vault maps discovered:
D:1:      dpeg_arrival_refuge, layout_basic, hangedman_decor_clover_reticule,
          dreamdust_princess_bridge, minmay_distorted
D:2:      layout_rooms
D:3:      layout_loops_ring
D:4:      minmay_clustersquares, layout_basic, minmay_temple_entry_junction,
          minivault_5, minivault_23, corexii_item_surrounded_by_moat
Temple:   hellmonk_temple_forest_ring

Skill      XL: |  1  2  3  4  5  6 |
---------------+-------------------+-----
Ranged Weapons | 3 4 6 |  6.0
Fighting       | 2 3 4 |  4.6
Armour         | 1 |  1.8
Dodging        | |  1.5
Spellcasting   | |  1.0
Hexes          | |  2.6

Action                     |  1- 3 |  4- 6 |  7- 9 || total
---------------------------+-------+-------+-------++-------
   Fire: Sling             |   121 |   166 |       ||   287
         Longbow           |       |    29 |     7 ||    36
    Use: Scroll            |     3 |     5 |     1 ||     9
         Potion            |       |     1 |       ||     1
 Armour: Robe              |    12 |     1 |       ||    13
         Leather armour    |       |    47 |     3 ||    50
  Dodge: Dodged            |    32 |    97 |     1 ||   130

Table legend:
 A = Non-vault XP
 B = Vault XP
 C = Vault XP percentage of total XP
 D = Non-vault monster count
 E = Vault monster count
 F = Vault count percentage of total count
                 A         B        C        D         E       F
            +---------+---------+-------+---------+---------+-------
      Total |     521 |     233 |  30.9 |      78 |      10 |  11.4
            +---------+---------+-------+---------+---------+-------
        D:1 |      42 |       0 |   0.0 |      23 |       0 |   0.0
        D:2 |     148 |       0 |   0.0 |      22 |       0 |   0.0
        D:3 |     115 |       0 |   0.0 |      25 |       0 |   0.0
        D:4 |     216 |     233 |  51.9 |       8 |      10 |  55.6
            +---------+---------+-------+---------+---------+-------
